 Dungeon Crawl Stone Soup version 0.30-a0-374-g95c0257040 (webtiles) character file.

Game seed: 9244937304040035037

67 funkygono the Firebug (level 3, -1/24 HPs)
             Began as a Demonspawn Fire Elementalist on Nov 25, 2022.
             Slain by an orc
             ... wielding a +0 war axe
              (10 damage)
             ... on level 3 of the Dungeon.
             The game lasted 00:03:44 (2308 turns).

funkygono the Firebug (DsFE)                        Turns: 2308, Time: 00:03:44

Health: -1/24      AC:  3    Str:  8    XL:     3   Next: 98%
Magic:  0/6        EV: 12    Int: 18    God:
Gold:   116        SH:  0    Dex: 13    Spells: 1/7 levels left

rFire   . . .      SeeInvis .    c - +0 whip
rCold   . . .      Faith    .    (no shield)
rNeg    . . .      Spirit   .    a - +0 robe
rPois   .          Reflect  .    (no helmet)
rElec   .          Harm     .    (no cloak)
rCorr   .          Rampage  .    j - +0 pair of gloves
Will    .....                    (no boots)
Stlth   ++........               (no amulet)
HPRegen 0.24/turn                (no ring)
MPRegen 0.10/turn                (no ring)

@: no status effects
A: demonic touch 1
a: no special abilities


You were on level 3 of the Dungeon.
You visited 1 branch of the dungeon, and saw 3 of its levels.

You collected 116 gold pieces.

Inventory:

Hand Weapons
 c - a +0 whip (weapon)
Armour
 a - a +0 robe (worn)
 j - a +0 pair of gloves (worn)
Scrolls
 d - 2 scrolls of immolation {unknown}
 g - 2 scrolls of vulnerability {unknown}
 i - 4 scrolls of teleportation {unknown}
 k - 3 scrolls of identify {unknown}
 l - a scroll of enchant armour {unknown}
 m - a scroll of blinking {unknown}
 p - a scroll of magic mapping {unknown}
Potions
 b - a potion of magic
 e - a potion of attraction {unknown}
 f - a potion of might {unknown}
 h - a potion of curing {unknown}
 n - a potion of mutation {unknown}
 o - a potion of brilliance {unknown}


   Skills:
 + Level 0.2 Fighting
 + Level 0.2 Maces & Flails
 + Level 1.9 Dodging
 - Level 1.7 Stealth
 + Level 2.6 Spellcasting
 + Level 1.5 Conjurations
 + Level 3.7 Fire Magic


You had one spell level left.
You knew the following spells:

 Your Spells              Type           Power      Damage    Failure   Level
a - Foxfire               Conj/Fire      44%        2x1d6     6%          1
b - Scorch                Fire           30%        2d7       5%          2
c - Kindle Blastsparks    Fire/Tloc/Air  12%        2d11      30%         3

Your spell library contained the following spells:

 Spells                   Type           Power      Damage    Failure   Level
 Inner Flame              Hex/Fire       9%         N/A       24%         3
 Ignite Poison            Fire/Tmut/Pois 6%         N/A       30%         3
 Flame Wave               Conj/Fire      11%        2d6       50%         4
 Sticky Flame             Conj/Fire      11%        2d3       50%         4
 Ignition                 Fire           7%         3d5       100%        8


Dungeon Overview and Level Annotations

Branches:
Dungeon (3/15)

Altars:


Innate Abilities, Weirdness & Mutations

Your touch may inflict minor irresistible damage on your foes.


Message History

You kill the orc!
Casting: Foxfire (safe; 6% risk of failure)
Confirm with . or Enter, or press ? or * to list all spells.
Flames lash the orc.
The orc is lightly wounded.
The orc's fire resistance burns away.
Unknown command.
Casting: Scorch (safe; 5% risk of failure)
Confirm with . or Enter, or press ? or * to list all spells.
You conjure some foxfire!
The foxfire hits the orc.
The orc is burned terribly!
The orc is heavily wounded.
Casting: Foxfire (safe; 6% risk of failure)
Confirm with . or Enter, or press ? or * to list all spells.
You don't have enough magic to cast this spell.
Unknown command.
The orc is no longer more vulnerable to fire.
The foxfire hits the orc but does no damage.
The orc is heavily wounded.
The orc barely misses you.
Your magical contamination has completely faded away.
The orc attacks as you move away! The orc misses you.
The orc attacks as you move away! The orc hits you with a +0 war axe!
Casting: Foxfire (safe; 6% risk of failure)
Confirm with . or Enter, or press ? or * to list all spells.
You conjure some foxfire!
The orc hits you but does no damage.
Your foxfire dissipates!
The foxfire hits the orc but does no damage.
The orc is heavily wounded.
Casting: Foxfire (safe; 6% risk of failure)
Confirm with . or Enter, or press ? or * to list all spells.
You conjure some foxfire!
The orc hits you with a +0 war axe.
The orc hits your foxfire with a +0 war axe.
Unknown command.
The foxfire hits the orc.
The orc is severely wounded.
The foxfire hits the orc but does no damage.
The orc is severely wounded.
The orc attacks as you move away! The orc closely misses you.
The orc hits you with a +0 war axe!
You die...

###.# ##.##.#######
#.# #........... #..
(....##.####### ##.
######.#.### #.
#...###..# #.
#.##.#.#.# #.
#.#####.# #.##.## #.
.......<# #.#...## #.
#.#######
#...o@.##############.
#...o.........[.......
o
#......###############
#o #.#...## .. #.#####
#.########.#
#.....†)...#
############


You could see 2 orcs.

Vanquished Creatures
  3 dart slugs
  An orc (D:3)
  5 endoplasms
  2 giant cockroaches
  10 goblins
  5 hobgoblins
  8 kobolds
  3 quokkas
  6 ball pythons
  4 bats
  6 frilled lizards
  4 rats
57 creatures vanquished.

Vanquished Creatures (collateral kills)
  2 foxfires (D:2)
2 creatures vanquished.

Vanquished Creatures (others)
  105 foxfires
105 creatures vanquished.

Grand Total: 164 creatures vanquished

Notes
Turn   | Place    | Note
-------+----------+-------------------------------------------
     0 | D:1      | funkygono the Demonspawn Fire Elementalist began the quest
                  | for the Orb.
     0 | D:1      | Reached XP level 1. HP: 13/13 MP: 3/3
   219 | D:1      | Reached skill level 3 in Fire Magic
   255 | D:1      | Gained mutation: Your touch may inflict minor irresistible
                  | damage on your foes. [demonic ancestry]
   255 | D:1      | Reached XP level 2. HP: 17/19 MP: 1/5
   258 | D:1      | Learned a level 2 spell: Scorch
   751 | D:1      | Reached XP level 3. HP: 24/24 MP: 4/6
   915 | D:2      | Learned a level 3 spell: Kindle Blastsparks
  2308 | D:3      | Slain by an orc

Illustrated notes

Levels and vault maps discovered:
D:1:      minmay_arrival_up_and_down, layout_rooms, minmay_split_cup_small
D:2:      layout_loops_ring, minmay_hedge_maze
D:3:      layout_loops_ring, serial_shops, shop, kennysheep_generic_room_10

Skill      XL: |  1 |
---------------+----+-----
Fire Magic     | 3 |  3.7
Fighting       | |  0.2
Maces & Flails | |  0.2
Dodging        | |  1.9
Stealth        | |  1.7
Spellcasting   | |  2.6
Conjurations   | |  1.5

Action                   || total
-------------------------++-------
Melee: Whip              ||     4
 Cast: Foxfire           ||    68
       Scorch            ||    11
Armor: Robe              ||     7
Dodge: Dodged            ||    18

Table legend: (Time is in decaauts)
 A = Elapsed time spent in this place.
 B = Non-inter-level travel time spent in this place.
 C = Inter-level travel time spent in this place.
 D = Time resting spent in this place.
 E = Time spent auto-exploring this place.
 F = Levels seen in this place.
 G = Mean time per level.
                   A        B        C        D        E       F      G
               +--------+--------+--------+--------+--------+-----+--------+
         Total |   2307 |   2249 |     58 |      0 |   1897 |   3 |  769.0 |
       Dungeon |   2307 |   2249 |     58 |      0 |   1897 |   3 |  769.0 |
               +--------+--------+--------+--------+--------+-----+--------+

Top non-repeatable levels by time:
     D:2: 933 daAuts
     D:1: 909 daAuts
     D:3: 463 daAuts
